 Dungeon Crawl Stone Soup version 0.31.0-32-g396128a36d (webtiles) character file.

Game seed: 7416095804543008266

2619 tizbic2 the Blocker (level 9, -5/73 HPs)
             Began as a Formicid Fighter on Mar 22, 2024.
             Slain by a yak (9 damage)
             ... on level 6 of the Dungeon.
             The game lasted 00:16:21 (4454 turns).

tizbic2 the Blocker (Formicid Fighter)              Turns: 4454, Time: 00:16:22

Health: -5/73      AC: 15    Str: 17 (20) XL:     9   Next: 91%
Magic:  9/9        EV:  2    Int:  4 (5)  God:
Gold:   251        SH: 16    Dex: 17 (20) Spells: 8/8 levels left

rFire   . . .        w - +2 hand axe (freeze)
rCold   . . .        b - +0 tower shield
rNeg    + . .        h - +0 plate armour
rPois   +            (helmet unavailable)
rElec   .            (no cloak)
rCorr   .            (no gloves)
SInv    +            l - +3 pair of boots "Alorefof" {rN+ Will+ Int-4 Dex+3}
Will    +....        (no amulet) Stlth
                     c - +4 ring of slaying
HPRegen 0.32/turn    n - ring of poison resistance
MPRegen 0.11/turn

%: no passive effects
@: brilliant, studying Fire Magic
A: permanent stasis, dig shafts and tunnels, antennae 3, four strong arms
a: Dig, Shaft Self


You were on level 6 of the Dungeon.
You visited 1 branch of the dungeon, and saw 6 of its levels.

You collected 251 gold pieces.

Inventory:

Hand Weapons
 a - a +1 trident
 p - a +0 sling
 w - a +2 hand axe of freezing (weapon)
 z - a +0 morningstar
Missiles
 f - a boomerang (quivered)
Armour
 b - a +0 tower shield (worn)
 h - a +0 plate armour (worn)
 j - a +2 pair of boots
 l - the +3 pair of boots "Alorefof" (worn) {rN+ Will+ Int-4 Dex+3}
   (You found it on level 3 of the Dungeon)

   Int-4:     It affects your intelligence (-4).
   Dex+3:     It affects your dexterity (+3).
   rN+:       It protects you from negative energy.
   Will+:     It increases your willpower.
Jewellery
 c - a +4 ring of slaying (left hand)
 n - a ring of poison resistance (right hand)
Wands
 k - a wand of flame (9)
 x - a wand of charming (3)
 D - a wand of iceblast (13)
Scrolls
 i - a scroll of teleportation {unknown}
 v - a scroll of blinking {unknown}
 y - a scroll of identify
 B - a scroll of torment {unknown}
Potions
 d - a potion of might
 e - 3 potions of curing
 g - a potion of cancellation {unknown}
 m - a potion of ambrosia {unknown}
 o - a potion of attraction {unknown}
 q - a potion of invisibility {unknown}
 s - a potion of lignification {unknown}
 t - a potion of berserk rage {unknown}
 u - a potion of heal wounds {unknown}
 A - a potion of brilliance
 C - a potion of enlightenment {unknown}


   Skills:
 + Level 7.7 Fighting
 - Level 2.0 Polearms
 * Level 9.0 Ranged Weapons
 - Level 3.2 Armour
 + Level 9.2 Shields


You had 8 spell levels left.
You didn't know any spells.
Your spell library contained the following spells:

 Spells                   Type           Power      Damage    Failure   Level
 Magic Dart               Conj           0%         1d3       100%        1
 Searing Ray              Conj           0%         2d4       100%        2
 Tukima's Dance           Hex            0%         N/A       100%        3
 Dimensional Bullseye     Hex/Tloc       0%         N/A       100%        4
 Fulminant Prism          Conj/Alch      0%         3d5       100%        4
 Iskenderun's Mystic Bla  Conj/Tloc      0%         2d3       100%        4


Dungeon Overview and Level Annotations

Branches:
Dungeon (6/15)
 Temple: D:4-7

Altars:
Trog

Shops:
D:1 ?   D:4 (

Annotations:
D:4 3 runed translucent doors, mainiacjoe's ghost, amateur OpNe; starfall's ghost, amateur HOFE


Innate Abilities, Weirdness & Mutations

You cannot be hasted, slowed, berserked, paralysed or teleported.
You can dig through walls and to a lower floor.
You have a pair of large antennae on your head. (SInv)
Your four strong arms can wield two-handed weapons with a shield.


Message History

You hit the yak but do no damage. x2; The yak gores you but does no damage. x2
You block the yak's attack. x2
You hit the yak. You freeze the yak.
The yak is moderately wounded.
You hit the yak. You freeze the yak. The yak gores you but does no damage.
You block the yak's attack.
You hit the yak. You freeze the yak.
The yak is moderately wounded.
You hit the yak but do no damage. The yak gores you but does no damage.
The yak gores you! You block the yak's attack.
The yak gores you but does no damage.
You slash the yak! You freeze the yak.
The yak is heavily wounded.
You closely miss the yak. You block the yak's attack. x2
You hit the yak. You freeze the yak.
The yak is severely wounded.
You hit the yak. You freeze the yak. You block the yak's attack. x3
The yak gores you!
You hit the yak. You freeze the yak.
The yak is almost dead.
You hit the yak but do no damage. You block the yak's attack.
The yak gores you.
You hit the yak. You freeze the yak.
The yak is almost dead.
You hit the yak. You freeze the yak. The yak gores you! x2
You block the yak's attack. The yak gores you!
* * * LOW HITPOINT WARNING * * *
You slash the yak! You freeze the yak.
The yak is heavily wounded.
You hit the yak but do no damage. The yak gores you!
* * * LOW HITPOINT WARNING * * *
You block the yak's attack.
It was a potion of brilliance.
You feel clever all of a sudden. You block the yak's attack. x2
It was a potion of degeneration.
There was something very wrong with that liquid.
You feel weakened.
You feel dopey.
You feel clumsy. You block the yak's attack. The yak gores you!
You die...

#..##.........#...
#..##.............
##..#........#.#..
#..###.......###..
#####..##.........##.#
#.#...# #.........#..#
##...YY#
#......##....#
#.<.YYY#
##.....##.....
#..###@# ##....####...
##.##..## #....#.#....
###....## #...........
##....####.......###
#......###.####.###.
#.......#...##..###.
####.##.#...##....#.
###......###.....
##...### #.....


You could see 5 yaks.

Vanquished Creatures
  5 yaks
  3 water moccasins
  A black bear (D:5)
  An ice beast (D:6)
  2 ogres
  2 phantoms
  3 scorpions
  5 bombardier beetles
  A gnoll bouda (D:6)
  An orc priest (D:5)
  7 hounds
  2 jellies
  A sleepcap (D:5)
  2 iguanas
  3 orc wizards
  8 gnolls
  6 adders
  A shadow imp (D:5)
  2 ufetubi (D:5)
  6 dart slugs
  16 orcs
  6 ball pythons
  5 bats
  8 endoplasms
  4 giant cockroaches
  7 hobgoblins
  6 jackals (D:1)
  4 quokkas
  8 frilled lizards
  10 goblins
  10 kobolds
  3 rats
149 creatures vanquished.

Notes
Turn   | Place    | Note
-------+----------+-------------------------------------------
     0 | D:1      | tizbic2 the Formicid Fighter began the quest for the Orb.
     0 | D:1      | Reached XP level 1. HP: 18/18 MP: 1/1
    57 | D:1      | Reached XP level 2. HP: 18/24 MP: 2/2
    78 | D:1      | Reached skill level 1 in Ranged Weapons
   125 | D:1      | Found Siulirul's Magic Scroll Shoppe.
   149 | D:1      | Reached XP level 3. HP: 24/29 MP: 3/3
   686 | D:2      | Reached XP level 4. HP: 37/37 MP: 4/4
  1442 | D:3      | Reached XP level 5. HP: 42/42 MP: 5/5
  1603 | D:3      | Reached skill level 5 in Shields
  1653 | D:3      | Identified the +3 pair of boots "Alorefof" {rN+ Will+ Int-4
                  | Dex+3}
  1726 | D:3      | Found a bloodstained altar of Trog.
  2055 | D:3      | Reached XP level 6. HP: 21/49 MP: 6/6
  2496 | D:4      | Found a runed translucent gate.
  2496 | D:4      | Found a runed translucent gate.
  2496 | D:4      | Found a runed translucent gate.
  2497 | D:4      | Noticed starfall's ghost (amateur HOFE)
  2497 | D:4      | Noticed mainiacjoe's ghost (amateur OpNe)
  2579 | D:4      | Found Zatz's Weapon Boutique.
  2590 | D:4      | Noticed an ogre
  2601 | D:4      | Killed an ogre
  2710 | D:4      | Reached XP level 7. HP: 55/55 MP: 7/7
  2829 | D:5      | Entered Level 5 of the Dungeon
  2838 | D:5      | Reached skill level 5 in Fighting
  2884 | D:5      | Reached skill level 5 in Ranged Weapons
  3096 | D:5      | Noticed a water moccasin
  3102 | D:5      | Killed a water moccasin
  3135 | D:5      | Reached XP level 8. HP: 60/63 MP: 8/8
  3554 | D:6      | Noticed a yak
  3554 | D:6      | Noticed a yak
  3554 | D:6      | Noticed a yak
  3554 | D:6      | Noticed a yak
  3555 | D:6      | Noticed a yak
  3684 | D:6      | Reached XP level 9. HP: 59/71 MP: 9/9
  4454 | D:6      | Slain by a yak

Illustrated notes

Levels and vault maps discovered:
D:1:      minmay_arrival_nine_rooms, layout_basic, serial_shops,
          nicolae_shop_behind_doors, minmay_misc_feat_plants, chequers_garden,
          chequers_serial_rivers_micro_e, minmay_hexomino_f4
D:2:      layout_basic
D:3:      layout_loops_ring, mainiacjoe_overflow_boulevard
D:4:      layout_basic, serial_shops, nicolae_shop_bloodbath_and_beyond,
          gammafunk_ghost_cemetery
D:5:      minmay_angry_zag, layout_basic, st_stairs_14
D:6:      layout_cave_pools, nrook_mini_backslash

Skill      XL: |  1  2  3  4  5  6  7  8  9 |
---------------+----------------------------+-----
Ranged Weapons | 1 2 3 4 5 7 9 |  9.0
Fighting       | 4 5 6 7 |  7.7
Shields        | 5 6 7 9 |  9.2
Polearms       | |  2.0
Armour         | |  3.2

Action                     |  1- 3 |  4- 6 |  7- 9 || total
---------------------------+-------+-------+-------++-------
  Melee: Trident           |    92 |   157 |    55 ||   304
         Hand axe          |       |       |   120 ||   120
         Morningstar       |       |       |    62 ||    62
  Throw: Boomerang         |       |     4 |       ||     4
    Use: Scroll            |       |     6 |       ||     6
         Potion            |       |       |     3 ||     3
 Armour: Scale mail        |    28 |       |       ||    28
         Plate armour      |    15 |   100 |   195 ||   310
  Dodge: Dodged            |    36 |    28 |    18 ||    82
  Block: Buckler           |    29 |    25 |       ||    54
         Tower shield      |       |    58 |   312 ||   370
